 Dungeon Crawl Stone Soup version 0.25-a0-1073-gf4359a17dd (webtiles) character file.

Game seed: 14768793880397031700, levelgen mode: deterministic

72 kae the Skirmisher (level 4, 37/37 HPs)
             Began as a Demonspawn Fighter on May 14, 2020.
             Quit the game on level 2 of the Dungeon.
             The game lasted 00:00:47 (1664 turns).

kae the Skirmisher (Demonspawn Fighter)             Turns: 1664, Time: 00:00:48

Health: 37/37      AC:  6    Str: 18    XL:     4   Next: 6%
Magic:  4/4        EV:  7    Int:  9    God:
Gold:   7          SH:  8    Dex: 12    Spells: 3/3 levels left

rFire    . . .     SeeInvis .   a - +0 flail
rCold    . . .     Gourm    .   c - +0 kite shield
rNeg     . . .     Faith    .   b - +0 scale mail
rPois    .         Spirit   .   (no helmet)
rElec    .         Reflect  .   (no cloak)
rCorr    .         Harm     .   (no gloves)
MR       .....                  (no boots)
Stlth    ..........             (no amulet)
HPRegen  0.12/turn              (no ring)
MPRegen  0.09/turn              (no ring)

@: no status effects
A: claws 1, demonic guardian 1, powered by pain 1
a: no special abilities


You were on level 2 of the Dungeon.
You were not hungry.

You visited 1 branch of the dungeon, and saw 2 of its levels.

You collected 7 gold pieces.

Inventory:

Hand Weapons
 a - a +0 flail (weapon)
Armour
 b - a +0 scale mail (worn)
 c - a +0 kite shield (worn)
Scrolls
 e - a scroll of noise {unknown}
 h - a scroll of amnesia {unknown}
Potions
 d - a potion of might
 g - 2 potions of heal wounds {unknown}
 i - a potion of mutation {unknown}
Comestibles
 f - 3 rations


   Skills:
 + Level 3.7 Fighting
 * Level 3.4 Maces & Flails
 - Level 2.6 Armour
 - Level 2.6 Shields


You had 3 spell levels left.
You didn't know any spells.
Your spell library was empty.

Dungeon Overview and Level Annotations

Branches:
Dungeon (2/15)

Altars:


Innate Abilities, Weirdness & Mutations

You have sharp fingernails.
A weak demonic guardian rushes to your aid.
You sometimes gain a little power by taking damage.


Message History

You kill the goblin!
No target in view!
Things that are here:
a +0 dagger; a goblin corpse No target in view!
No target in view!
You butcher the goblin corpse.
j - 2 chunks of flesh
Things that are here:
a +0 dagger; a goblin skeleton
Things that are here:
a +0 dagger; a goblin skeleton Eating one of 2 chunks of flesh.
You eat one of the 2 chunks of flesh.
This raw flesh tastes terrible.
You are feeling hungry.
Eating a chunk of flesh.
You eat the chunk of flesh.
This raw flesh tastes terrible.
There is a stone staircase leading down here.
Found a stone staircase leading up.
Are you sure you want to abandon this character and quit the game? (Confirm with "yes".)

# #.# # #.# # #.# # #.#
# #.# ###.# .##.#
######### ....#
...<...$# .#### ###
#@####### ##
##.###........
###########.......######
.............###.##
############## #.# #>#
#)# #.# #.#


There were no monsters in sight!

Vanquished Creatures
  Terence (D:2)
  A worm (D:2)
  4 dart slugs (D:1)
  A leopard gecko (D:1)
  5 bats
  2 giant cockroaches (D:1)
  4 goblins
  9 hobgoblins
  A frilled lizard (D:1)
  4 kobolds
  3 rats
35 creatures vanquished.

Vanquished Creatures (collateral kills)
  An adder (D:2)
  A frilled lizard (D:2)
2 creatures vanquished.

Grand Total: 37 creatures vanquished

Notes
Turn   | Place    | Note
-------+----------+-------------------------------------------
     0 | D:1      | kae the Demonspawn Fighter began the quest for the Orb.
     0 | D:1      | Reached XP level 1. HP: 18/18 MP: 1/1
   296 | D:1      | Gained mutation: You sometimes gain a little power by
                  | taking damage. [demonic ancestry]
   296 | D:1      | Reached XP level 2. HP: 13/24 MP: 2/2
   725 | D:1      | Gained mutation: A weak demonic guardian rushes to your
                  | aid. [demonic ancestry]
   725 | D:1      | Reached XP level 3. HP: 28/29 MP: 3/3
   998 | D:2      | Noticed Terence
  1010 | D:2      | Killed Terence
  1278 | D:2      | Gained mutation: You have sharp fingernails. [demonic
                  | ancestry]
  1278 | D:2      | Reached XP level 4. HP: 8/37 MP: 4/4
  1664 | D:2      | Quit the game

Illustrated notes

Levels and vault maps discovered:
D:1:      scummos_arrival_checkerplants, layout_basic, chequers_garden
D:2:      layout_loops_ring, nicolae_overflow_crystal_walls, first_ration,
          uniq_terence, uniq_natasha

Skill      XL: |  1  2  3 |
---------------+----------+-----
Maces & Flails | 2 3 |  3.4
Fighting       | |  3.7
Armour         | |  2.6
Shields        | |  2.6

Action                   |  1- 3 |  4- 6 || total
-------------------------+-------+-------++-------
Melee: Flail             |   135 |    12 ||   147
  Eat: Chunk             |     1 |     2 ||     3
Armor: Scale mail        |    65 |     6 ||    71
Dodge: Dodged            |    39 |     4 ||    43
Block: Kite shield       |    68 |     9 ||    77

Table legend:
 A = Non-vault XP
 B = Vault XP
 C = Vault XP percentage of total XP
 D = Non-vault monster count
 E = Vault monster count
 F = Vault count percentage of total count
                 A         B        C        D         E       F
            +---------+---------+-------+---------+---------+-------
      Total |      78 |      25 |  24.3 |      36 |       1 |   2.7
            +---------+---------+-------+---------+---------+-------
        D:1 |      55 |       0 |   0.0 |      26 |       0 |   0.0
        D:2 |      23 |      25 |  52.1 |      10 |       1 |   9.1
            +---------+---------+-------+---------+---------+-------
